 Dungeon Crawl Stone Soup version 0.28-a0-819-g6ef7baa362 (webtiles) character file.

Game seed: 7238304036508009452

486 Randoe the Conjurer (level 7, -1/38 HPs)
             Began as a Tengu Conjurer on Nov 8, 2021.
             Was a Believer of Elyvilon.
             Slain by Edmund (4 damage)
             ... on level 4 of the Dungeon.
             The game lasted 00:29:26 (3945 turns).

Randoe the Conjurer (Tengu Conjurer)                Turns: 3945, Time: 00:29:26

Health: -1/38      AC:  6    Str: 13      XL:     7   Next: 13%
Magic:  1/14       EV: 14    Int: 19      God:    Elyvilon [**....]
Gold:   122        SH:  0    Dex: 11 (14) Spells: 10/14 levels left

rFire   + . .      SeeInvis .   d - +0 rapier
rCold   . . .      Faith    .   (no shield)
rNeg    . . .      Spirit   .   e - +3 leather armour {rF+}
rPois   .          Reflect  .   (helmet restricted)
rElec   .          Harm     .   (no cloak)
rCorr   .          Rampage  .   (no gloves)
Will    .....                   (boots unavailable)
Stlth   ++........              (no amulet)
HPRegen 0.12/turn               g - +6 ring of strength
MPRegen 0.14/turn               (no ring)

@: flying quickly and evasively, quick
A: beak, talons 3, nimble flight
a: Renounce Religion, Purification, Heal Other


You were on level 4 of the Dungeon.
You worshipped Elyvilon.
Elyvilon was pleased with you.
You visited 1 branch of the dungeon, and saw 4 of its levels.

You collected 122 gold pieces.

Inventory:

Hand Weapons
 d - a +0 rapier (weapon)
Missiles
 i - 10 poisoned darts
Armour
 e - a +3 leather armour of fire resistance (worn)
Magical Staves
 b - a staff of air
Jewellery
 g - a +6 ring of strength (left hand)
Wands
 a - a wand of acid (9)
 l - a wand of digging (5)
Scrolls
 c - a scroll of enchant armour
Potions
 f - a potion of ambrosia {unknown}


   Skills:
 + Level 1.0 Fighting
 + Level 1.0 Short Blades
 + Level 0.1 Maces & Flails
 + Level 1.9 Armour
 + Level 2.9 Dodging
 + Level 3.0 Stealth
 + Level 4.4 Spellcasting
 + Level 7.4 Conjurations
 + Level 0.3 Hexes


You had 10 spell levels left.
You knew the following spells:

 Your Spells              Type           Power      Damage    Failure   Level
a - Magic Dart            Conj           100%       1d8       1%          1
b - Searing Ray           Conj           64%        2d6       1%          2
c - Slow                  Hex            20%        N/A       14%         1

Your spell library contained the following spells:

 Spells                   Type           Power      Damage    Failure   Level
 Dazzling Flash           Conj/Hex       38%        N/A       10%         3
 Fulminant Prism          Conj/Hex       9%         3d7       32%         4
 Iskenderun's Mystic Bla  Conj/Tloc      18%        2d6       34%         4
 Confusing Touch          Hex            5%         N/A       38%         3
 Frozen Ramparts          Ice            8%         1d2       45%         3
 Vampiric Draining        Necr           4%         2d6       45%         3
 Ice Form                 Ice/Tmut       4%         N/A       86%         4
 Summon Ice Beast         Ice/Summ       4%         N/A       86%         4


Dungeon Overview and Level Annotations

Branches:
Dungeon (4/15)
 Temple: D:4-7

Altars:
Elyvilon

Annotations:
D:4 Edmund, Pikel


Innate Abilities, Weirdness & Mutations

You have a beak for a mouth.
You have claws for feet.
Your magical nature lets you fly swiftly and evasively.


Message History

Edmund says, "People will remember me!
They'll remember me and die!"
Edmund hits you but does no damage. Edmund barely misses you.
Edmund hits you with a +0 flail of protection.
Casting: Searing Ray (safe; 1% risk of failure)
Confirm with . or Enter, or press ? or * to list all spells.
Aiming: Searing Ray (safe; 1% risk of failure)
Press: ? - help, Shift-Dir - straight line, f/p - Edmund
Aim: Edmund, wielding a +0 flail of protection and wearing a +0 chain mail (lightly wounded, 86% to hit)
The searing ray hits Edmund but does no damage.
Edmund is lightly wounded. (Press . to maintain the ray.) Edmund barely misses you.
The searing ray misses Edmund.
Edmund barely misses you.
Unknown command.
The searing ray hits Edmund!
Edmund is moderately wounded.
Edmund hits you with a +0 flail of protection!
The searing ray hits Edmund.
Edmund is moderately wounded.
You finish channelling your searing ray.
Edmund hits you with a +0 flail of protection.
Casting: Searing Ray (safe; 1% risk of failure)
Confirm with . or Enter, or press ? or * to list all spells.
Aiming: Searing Ray (safe; 1% risk of failure)
Press: ? - help, Shift-Dir - straight line, f/p - Edmund
Aim: Edmund, wielding a +0 flail of protection and wearing a +0 chain mail (moderately wounded, 86% to hit)
The searing ray hits Edmund but does no damage.
Edmund is moderately wounded. (Press . to maintain the ray.) Edmund hits you with a +0 flail of protection!
* * * LOW HITPOINT WARNING * * *
The searing ray hits Edmund but does no damage.
Edmund is moderately wounded.
Edmund hits you with a +0 flail of protection.
* * * LOW HITPOINT WARNING * * *
The searing ray hits Edmund but does no damage.
Edmund is moderately wounded.
Edmund hits you with a +0 flail of protection.
You die...

# ######## ###
#.....##
##@#########.....##
#.#@...............
##.#########^....##
...K....# #.....##
#.........# ########
#...5....<# #
#...5...(.#
#.........# #####
#.........#######....


You could see Edmund.

Vanquished Creatures
  Sigmund (D:4)
  Eustachio (D:4)
  3 lemures (D:4)
  A hound (D:4)
  Jessica (D:3)
  Natasha (twice) (D:3)
  2 adders (D:3)
  5 worms
  2 dart slugs
  5 orcs (D:3)
  5 endoplasms
  3 giant cockroaches
  8 goblins
  2 hobgoblins
  2 jackals (D:2)
  3 kobolds
  3 quokkas
  4 ball pythons
  2 bats
  2 frilled lizards
  5 rats
62 creatures vanquished.

Notes
Turn   | Place    | Note
-------+----------+-------------------------------------------
     0 | D:1      | Randoe the Tengu Conjurer began the quest for the Orb.
     0 | D:1      | Reached XP level 1. HP: 10/10 MP: 4/4
   286 | D:1      | Reached XP level 2. HP: 12/15 MP: 3/6
   507 | D:1      | Learned a level 2 spell: Searing Ray
   509 | D:1      | Learned a level 1 spell: Slow
   651 | D:1      | Reached skill level 6 in Conjurations
  1037 | D:2      | Reached XP level 3. HP: 19/19 MP: 4/7
  1334 | D:2      | Found a faded altar of an unknown god.
  1338 | D:2      | Prayed at the altar of an unknown god.
  1338 | D:2      | Became a worshipper of Elyvilon the Healer
  1338 | D:2      | Reached * piety under Elyvilon
  2071 | D:3      | Noticed Natasha
  2076 | D:3      | Killed Natasha
  2077 | D:3      | Reached XP level 4. HP: 24/24 MP: 1/8
  2192 | D:3      | Reached ** piety under Elyvilon
  2666 | D:3      | Noticed Jessica
  2669 | D:3      | Killed Jessica
  2670 | D:3      | Gained mutation: Your magical nature lets you fly swiftly
                  | and evasively. [Tengu growth]
  2670 | D:3      | Reached XP level 5. HP: 28/28 MP: 6/10
  3347 | D:4      | Noticed Pikel
  3347 | D:4      | Noticed a lemure
  3347 | D:4      | Noticed Edmund
  3348 | D:4      | Noticed a lemure
  3348 | D:4      | Noticed a lemure
  3348 | D:4      | Noticed Eustachio
  3382 | D:3      | Noticed Natasha
  3389 | D:3      | Killed Natasha
  3491 | D:4      | Noticed Sigmund
  3502 | D:4      | Killed Sigmund
  3503 | D:4      | Reached skill level 7 in Conjurations
  3503 | D:4      | Reached XP level 6. HP: 31/33 MP: 5/13
  3574 | D:4      | Reached skill level 1 in Armour
  3614 | D:4      | HP: 1/33 [lemure[Pikel] (5)]
  3631 | D:4      | Killed Eustachio
  3632 | D:4      | Reached skill level 1 in Short Blades
  3632 | D:4      | Reached XP level 7. HP: 14/37 MP: 8/14
  3795 | D:4      | Reached skill level 1 in Fighting
  3945 | D:4      | Slain by Edmund

Illustrated notes

Levels and vault maps discovered:
D:1:      dpeg_arrival_water_temple_mockup, layout_loops_ring
D:2:      layout_loops_cross, hellmonk_ecumenical_altar_leap_of_faith
D:3:      layout_loops_corners, uniq_jessica, uniq_natasha
D:4:      layout_loops_cross, uniq_eustachio, uniq_sigmund, uniq_pikel,
          uniq_edmund

Skill      XL: |  1  2  3  4  5  6  7 |
---------------+----------------------+-----
Conjurations   | 6 7 |  7.4
Spellcasting   | 3 4 |  4.4
Armour         | 1 |  1.9
Stealth        | 3 |  3.0
Short Blades   | 1 |  1.0
Fighting       | 1 |  1.0
Maces & Flails | |  0.1
Dodging        | |  2.9
Hexes          | |  0.3

Action                   |  1- 3 |  4- 6 |  7- 9 || total
-------------------------+-------+-------+-------++-------
Melee: Club              |    17 |       |       ||    17
       Peck              |     5 |     3 |     1 ||     9
       Kick              |     3 |     6 |     2 ||    11
       Dagger            |       |    20 |       ||    20
       Rapier            |       |       |     8 ||     8
 Cast: Magic Dart        |    48 |    35 |       ||    83
       Searing Ray       |     5 |    10 |     5 ||    20
       Slow              |       |     4 |     1 ||     5
  Use: Scroll            |     5 |     3 |       ||     8
       Potion            |     1 |     3 |     1 ||     5
 Stab: Sleeping          |       |     1 |       ||     1
Armor: Robe              |     2 |     1 |       ||     3
       Leather armour    |       |    20 |     4 ||    24
       Skin              |       |    16 |       ||    16
Dodge: Dodged            |    10 |    44 |    14 ||    68

Table legend: (Time is in decaauts)
 A = Elapsed time spent in this place.
 B = Non-inter-level travel time spent in this place.
 C = Inter-level travel time spent in this place.
 D = Time resting spent in this place.
 E = Time spent auto-exploring this place.
 F = Levels seen in this place.
 G = Mean time per level.
                   A        B        C        D        E       F      G
               +--------+--------+--------+--------+--------+-----+--------+
         Total |   3885 |   3644 |    241 |   1300 |   1894 |   4 |  971.2 |
       Dungeon |   3885 |   3644 |    241 |   1300 |   1894 |   4 |  971.2 |
               +--------+--------+--------+--------+--------+-----+--------+

Top non-repeatable levels by time:
     D:3: 1384 daAuts
     D:2: 1193 daAuts
     D:1: 843 daAuts
     D:4: 464 daAuts
